 Dungeon Crawl Stone Soup version 0.31-a0-23-gcbde74481b (webtiles) character file.

Game seed: 5452590082606525395

86 pk666 the Magician (level 4, -5/24 HPs)
             Began as a Deep Elf Hedge Wizard on May 13, 2023.
             Slain by an orc
             ... wielding a +2 heavy mace
              (8 damage)
             ... on level 3 of the Dungeon.
             The game lasted 00:04:38 (2884 turns).

pk666 the Magician (Deep Elf Hedge Wizard)          Turns: 2884, Time: 00:04:39

Health: -5/24      AC:  5    Str:  3    XL:     4   Next: 26%
Magic:  0/13       EV: 13    Int: 21    God:
Gold:   68         SH:  0    Dex: 17    Spells: 7/13 levels left

rFire   + + .        a - +0 dagger
rCold   . . .        (no shield)
rNeg    . . .        r - +2 robe "Houkk" {rF++ Str-4 Dex+3 Stlth-}
rPois   .            c - +0 hat
rElec   .            (no cloak)
rCorr   .            (no gloves)
SInv    .            s - +0 pair of boots
Will    .....        f - amulet of guardian spirit
Stlth   +            (no ring)
HPRegen 0.24/turn    (no ring)
MPRegen 0.13/turn

%: guardian spirit
@: on blink cooldown, studying Ranged Weapons
A: no striking features
a: no special abilities


You were on level 3 of the Dungeon.
You visited 1 branch of the dungeon, and saw 4 of its levels.

You collected 182 gold pieces.
You spent 114 gold pieces at shops.

Inventory:

Hand Weapons
 a - a +0 dagger (weapon)
Armour
 b - a +0 robe
 c - a +0 hat (worn)
 r - the +2 robe "Houkk" (worn) {rF++ Str-4 Dex+3 Stlth-}
   (You bought it in a shop on level 3 of the Dungeon)

   Str:       It affects your strength (-4).
   Dex:       It affects your dexterity (+3).
   rF:        It greatly protects you from fire.
   Stlth:     It makes you less stealthy.
 s - a +0 pair of boots (worn)
Jewellery
 f - an amulet of guardian spirit (around neck)
Scrolls
 e - 4 scrolls of teleportation {unknown}
 g - a scroll of torment {unknown}
 h - 3 scrolls of amnesia {unknown}
 i - 3 scrolls of identify {unknown}
 n - a scroll of fog {unknown}
 o - a scroll of noise {unknown}
 q - a scroll of fear {unknown}
Potions
 d - a potion of magic
 j - a potion of invisibility {unknown}
 k - 3 potions of curing {unknown}
 l - a potion of flight {unknown}
 m - a potion of degeneration {unknown}
 p - a potion of heal wounds {unknown}


   Skills:
 - Level 2.4 Dodging
 - Level 2.4 Stealth
 + Level 5.2 Spellcasting
 * Level 2.7 Conjurations
 - Level 1.1 Summonings
 - Level 2.1 Translocations
 + Level 0.7 Air Magic
 + Level 1.3 Poison Magic


You had 7 spell levels left.
You knew the following spells:

 Your Spells              Type           Power      Damage    Failure   Level
a - Magic Dart            Conj           64%        1d6       3%          1
b - Blink                 Tloc           28%        N/A       7%          2
c - Mephitic Cloud        Conj/Pois/Air  12%        N/A       16%         3

Your spell library contained the following spells:

 Spells                   Type           Power      Damage    Failure   Level
 Kiss of Death            Conj/Necr      44%        2d8       6%          1
 Call Imp                 Summ           20%        N/A       10%         2
 Slow                     Hex            20%        N/A       11%         1
 Cigotuvi's Dreadful Rot  Necr/Pois/Air  16%        N/A       12%         2
 Confusing Touch          Hex            5%         N/A       32%         3
 Dispel Undead            Necr           5%         3d7       71%         4


Dungeon Overview and Level Annotations

Branches:
Dungeon (4/15)
 Temple: D:4-7

Altars:
Ru

Shops:
D:3 [


Message History

The magic dart hits the orc but does no damage.
The orc is moderately wounded.
The orc closely misses you. The orc hits you with a +2 heavy mace!
Ouch! That really hurt!
* * * LOW HITPOINT WARNING * * *
The orc attacks as you move away! The orc misses you.
The orc attacks as you move away! The orc barely misses you.
The orc attacks as you move away! The orc barely misses you.
The orc attacks as you move away! The orc hits you with a +0 flail.
The orc attacks as you move away! The orc barely misses you.
There is an open door here.
The orc attacks as you move away! The orc closely misses you.
The orc attacks as you move away! The orc hits you but does no damage.
The orc attacks as you move away! The orc barely misses you.
The orc attacks as you move away! The orc hits you with a +0 flail.
* * * LOW HITPOINT WARNING * * *
There is an open door here.
The orc attacks as you move away! The orc hits you but does no damage.
The orc attacks as you move away! The orc hits you with a +0 flail.
* * * LOW HITPOINT WARNING * * *
Casting: Magic Dart (safe; 3% risk of failure)
Confirm with . or Enter, or press ? or * to list all spells.
You don't have enough magic to cast this spell.
The orc attacks as you move away! The orc hits you but does no damage.
The orc attacks as you move away! The orc closely misses you.
The orc attacks as you move away! The orc misses you.
The orc attacks as you move away! The orc hits you with a +0 flail.
* * * LOW HITPOINT WARNING * * *
Casting: Magic Dart (safe; 3% risk of failure)
Confirm with . or Enter, or press ? or * to list all spells.
You don't have enough magic to cast this spell.
The orc attacks as you move away! The orc barely misses you.
The orc attacks as you move away! The orc hits you but does no damage.
Casting: Magic Dart (safe; 3% risk of failure)
Confirm with . or Enter, or press ? or * to list all spells.
You don't have enough magic to cast this spell.
Casting: Magic Dart (safe; 3% risk of failure)
Confirm with . or Enter, or press ? or * to list all spells.
You blink.
The orc hits you with a +2 heavy mace!
You die...

#.# ##.....## #.##.#.#
#.# #.# ##...##
#......# #.# #.# ##'##
####.### #.#
..########o# #.# #.#
###.....##.# #.# #.#
#......#.###### #.#
#.# #...÷.........#
#.# #.#
#..........##.######.#
#.#
#.........###.@o.o§..#
#.# ####..##.#.##
########## #.#
......##.### #..
####.....# ### #######


You could see 2 orcs.

Vanquished Creatures
  3 adders
  A gnoll (D:1)
  2 dart slugs (D:1)
  4 orcs
  2 ball pythons
  6 endoplasms
  A giant cockroach (D:1)
  3 goblins
  4 hobgoblins
  5 bats
  2 frilled lizards (D:1)
  5 kobolds
  2 rats
40 creatures vanquished.

Notes
Turn   | Place    | Note
-------+----------+-------------------------------------------
     0 | D:1      | pk666 the Deep Elf Hedge Wizard began the quest for the
                  | Orb.
     0 | D:1      | Reached XP level 1. HP: 10/10 MP: 7/7
    84 | D:1      | Found a faded altar of an unknown god.
   351 | D:1      | Reached XP level 2. HP: 15/15 MP: 6/9
   991 | D:1      | Reached skill level 5 in Spellcasting
   991 | D:1      | Reached XP level 3. HP: 19/19 MP: 3/11
  1055 | D:1      | Learned a level 2 spell: Blink
  1059 | D:1      | Learned a level 3 spell: Mephitic Cloud
  2120 | D:3      | Found Tomiojoi's Antique Armour Boutique.
  2126 | D:3      | Bought a tattered robe for 114 gold pieces
  2126 | D:3      | Identified the +2 robe "Houkk" {rF++ Str-4 Dex+3 Stlth-}
                  | (You bought it in a shop on level 3 of the Dungeon)
  2187 | D:3      | Found a sacrificial altar of Ru.
  2187 | D:3      | You fall into a shaft and drop 1 floor!
  2213 | D:3      | Reached skill level 1 in Poison Magic
  2309 | D:3      | Reached XP level 4. HP: 19/24 MP: 7/13
  2842 | D:3      | HP: 1/24 [orc/+2 heavy mace (12)]
  2878 | D:3      | HP: 1/24 [orc/+0 flail (3)]
  2884 | D:3      | Slain by an orc

Illustrated notes

Levels and vault maps discovered:
D:1:      kennysheep_arrival_seaside, layout_basic, serial_forest,
          infiniplex_forest_lined_3, infiniplex_forest_corner_1,
          infiniplex_forest_clump_diagonal, infiniplex_forest_straight_4,
          infiniplex_forest_clump_curved, infiniplex_forest_corner_2,
          infiniplex_forest_end_double, infiniplex_forest_clump_medium,
          shapermc_ecumenical_altar_mp_ritualfount
D:2:      layout_loops_ring
D:3:      layout_loops_corners, nicolae_ru_great_annihilating_truth,
          serial_shops, shop_statue, nicolae_shop_back_alley_shop, shop, shop,
          nicolae_shop_rolled_up, minmay_randomly_rotated_circles, uniq_sigmund
D:4:      layout_layer_cave, grunt_temple_overflow_gold_and_silver,
          amcnicky_altar_gilded, grunt_qazlal_clouds, minmay_vboxes,
          uniq_grinder

Skill      XL: |  1  2  3 |
---------------+----------+-----
Spellcasting   | 5 |  5.2
Conjurations   | 2 |  2.7
Translocations | 2 |  2.1
Poison Magic   | 1 |  1.3
Dodging        | |  2.4
Stealth        | |  2.4
Summonings     | |  1.1
Air Magic      | |  0.7

Action                     |  1- 3 |  4- 6 || total
---------------------------+-------+-------++-------
  Melee: Dagger            |     3 |       ||     3
   Cast: Magic Dart        |    92 |    32 ||   124
         Mephitic Cloud    |       |     1 ||     1
         Blink             |       |     1 ||     1
 Armour: Robe              |     4 |    14 ||    18
  Dodge: Dodged            |    12 |    22 ||    34

Table legend: (Time is in decaauts)
 A = Elapsed time spent in this place.
 B = Non-inter-level travel time spent in this place.
 C = Inter-level travel time spent in this place.
 D = Time resting spent in this place.
 E = Time spent auto-exploring this place.
 F = Levels seen in this place.
 G = Mean time per level.
                   A        B        C        D        E       F      G
               +--------+--------+--------+--------+--------+-----+--------+
         Total |   2888 |   2843 |     45 |    496 |   1971 |   4 |  722.0 |
       Dungeon |   2888 |   2843 |     45 |    496 |   1971 |   4 |  722.0 |
               +--------+--------+--------+--------+--------+-----+--------+

Top non-repeatable levels by time:
     D:1: 1273 daAuts
     D:2: 848 daAuts
     D:3: 753 daAuts
     D:4: 13 daAuts
